Reign vs Monsters

Created - Saturday, March 26, 2016 at 01:41

Goals
1 2 3 T
Reign 3 5 1 9
Monsters 1 0 0 1
Shots
1 2 3 T
Reign 14 10 5 29
Monsters 5 13 7 25

1st period

1. Reign , Jason Jaffray 10 (Joe Morrow, Teuvo Teravainen) at 0:16
2. Monsters , Steven Pinizzotto 23 (Scott Timmins, Brandon Montour) at 1:37 (PP)
3. Reign , William Karlsson 11 (Joe Morrow, Jason Jaffray) at 3:22 (PP)
4. Reign , Teuvo Teravainen 16 (Joe Morrow, William Karlsson) at 7:33

Penalties :
Cody Beach (ONT) for High sticking (Minor) at 0:27, FARM PLAYER13 (LEM) for Goalie Interference (Minor) at 3:15, Brett Olson (ONT) for Holding Stick (Minor) at 8:12, Quinton Howden (LEM) for Fighting (Major) at 11:22, Taylor Peters (ONT) for Fighting (Major) at 11:22, Jeff Hoggan (LEM) for Fighting (Major) at 11:33, Davis Drewiske (ONT) for Fighting (Major) at 11:33, Troy Rutkowski (LEM) for Fighting (Major) at 12:28, Jason Jaffray (ONT) for Fighting (Major) at 12:28, Blair Riley (LEM) for Fighting (Major) at 13:40, C.J. Stretch (ONT) for Fighting (Major) at 13:40, Cal O'Reilly (LEM) for Fighting (Major) at 13:49, Matej Stransky (ONT) for Fighting (Major) at 13:49, Matej Stransky (ONT) for instigated a fight (Minor) at 13:49, Matej Stransky (ONT) for instigated a fight (10 Minutes Misconduct) at 13:49

2nd period

5. Reign , Teuvo Teravainen 17 (Justin Falk, William Karlsson) at 2:09
6. Reign , Brett Olson 3 (Evan Oberg, Joe Morrow) at 6:28
7. Reign , William Karlsson 12 (Joe Morrow) at 6:43
8. Reign , Brett Olson 4 (Joe Morrow, Justin Falk) at 12:08
9. Reign , Joe Morrow 15 (William Karlsson, Jason Jaffray) at 16:21

Penalties :
Troy Rutkowski (LEM) for Fighting (Major) at 0:45, Tom Kostopoulos (ONT) for Fighting (Major) at 0:45, Jeff Hoggan (LEM) for Fighting (Major) at 3:20, Davis Drewiske (ONT) for Fighting (Major) at 3:20, Blair Riley (LEM) for Fighting (Major) at 3:23, Taylor Doherty (ONT) for Fighting (Major) at 3:23, Scott Timmins (LEM) for Fighting (Major) at 6:32, Tom Kostopoulos (ONT) for Fighting (Major) at 6:32, Quinton Howden (LEM) for Fighting (Major) at 8:26, Taylor Peters (ONT) for Fighting (Major) at 8:26, Cal O'Reilly (LEM) for Fighting (Major) at 8:29, Jason Jaffray (ONT) for Fighting (Major) at 8:29, Troy Rutkowski (LEM) for Fighting (Major / Game Misconduct) at 9:34, Davis Drewiske (ONT) for Fighting (Major / Game Misconduct) at 9:34, Jeff Hoggan (LEM) for Fighting (Major / Game Misconduct) at 9:55, Taylor Doherty (ONT) for Fighting (Major) at 9:55, Taylor Doherty (ONT) for instigated a fight (Minor) at 9:55, Taylor Doherty (ONT) for instigated a fight (10 Minutes Misconduct) at 9:55, Scott Timmins (LEM) for Fighting (Major) at 11:56, Tom Kostopoulos (ONT) for Fighting (Major / Game Misconduct) at 11:56, Blair Riley (LEM) for Fighting (Major / Game Misconduct) at 12:42, Brett Olson (ONT) for Fighting (Major) at 12:42, Jordan Weal (LEM) for Hooking (Minor) at 13:25

3rd period

10. Reign , Joe Morrow 16 (Teuvo Teravainen, Cody Beach) at 2:23

Penalties :
Cody Beach (ONT) for Hooking (Minor) at 4:47, Evan Oberg (ONT) for Hooking (Minor) at 10:01

Goalie Stats

Reto Berra (ONT), 24 saves from 25 shots - (0.960), W, 8-2-3, 60:00 minutes
FARM GOALIE1 (LEM), 18 saves from 23 shots - (0.783), L, 0-38-0, 45:48 minutes
FARM GOALIE2 (LEM), 2 saves from 6 shots - (0.333), 14:12 minutes

Players Stats for Reign

Player Name              G  A  P  +/- PIM S  H  SB GA TA FO     MP     PP MP  PK MP  
------------------------------------------------------------------------------------
Brett Olson              2  0  2   2  7   4  0  1  2  0  8/16   17:12   0:00   0:00 
Brian McGrattan          0  0  0   0  0   0  1  0  0  0  1/1    15:21   0:00   1:58 
C.J. Stretch             0  0  0   1  5   0  1  1  2  1  4/6    19:06   0:00   0:00 
Cody Beach               0  1  1   2  4   0  2  0  0  2  0/0    18:04   0:00   0:00 
Davis Drewiske           0  0  0   0  25  1  1  2  0  1  0/0     3:43   0:00   0:16 
Evan Oberg               0  1  1   2  2   0  1  0  0  0  0/0    10:37   0:00   0:00 
FARM PLAYER32            0  0  0   0  0   0  1  0  0  0  0/0    15:33   0:00   0:57 
Jake McCabe              0  0  0   0  0   1  1  1  0  3  0/0    21:41   0:00   3:45 
Jason Jaffray            1  2  3   6  10  1  0  2  0  0  0/1    11:42   0:07   0:37 
Joe Morrow               2  6  8   8  0   6  3  2  6  1  0/0    28:51   0:07   5:05 
Justin Falk              0  2  2   6  0   3  2  1  0  1  0/0    22:59   0:07   5:05 
Matej Stransky           0  0  0   0  17  0  3  0  0  0  0/1     8:38   0:00   0:00 
Nathan Paetsch           0  0  0   0  0   0  2  2  1  3  0/0    20:35   0:00   4:01 
Taylor Doherty           0  0  0   0  22  0  0  1  0  0  0/0     9:49   0:00   0:00 
Taylor Peters            0  0  0   0  10  0  1  0  1  1  3/6    12:06   0:00   1:46 
Teuvo Teravainen         2  2  4   6  0   5  1  0  4  1  0/2    21:05   0:07   6:11 
Tom Kostopoulos          0  0  0   1  25  3  0  0  1  0  1/3     7:48   0:00   1:27 
William Karlsson         2  3  5   6  0   5  1  0  5  0  12/25  25:35   0:07   5:16 

Players Stats for Monsters

Player Name              G  A  P  +/- PIM S  H  SB GA TA FO     MP     PP MP  PK MP  
------------------------------------------------------------------------------------
Barclay Goodrow          0  0  0  -1  0   0  1  2  0  0  0/9     5:38   1:29   0:07 
Blair Riley              0  0  0  -2  25  1  0  0  0  0  8/11    6:29   0:00   0:00 
Brandon Montour          0  1  1  -4  0   3  0  1  2  0  0/1    25:49   3:40   0:07 
Cal O'Reilly             0  0  0  -4  10  0  2  2  2  1  1/3    20:26   3:30   0:00 
Charles Hudon            0  0  0  -1  0   0  0  0  4  1  0/0    14:24   0:52   0:00 
Chase Balisy             0  0  0  -2  0   3  0  1  0  0  2/4    14:19   1:04   0:00 
FARM PLAYER13            0  0  0  -5  2   0  1  0  0  1  2/8    24:16   3:14   0:00 
Jeff Hoggan              0  0  0  -1  25  0  0  1  0  1  1/1     6:08   1:40   0:00 
Jordan Weal              0  0  0  -3  2   9  0  2  6  1  2/2    22:27   4:28   0:07 
Kris Fredheim            0  0  0  -3  0   0  1  0  0  2  0/0    29:48   4:58   0:07 
Mac Bennett              0  0  0  -2  0   0  1  1  0  0  0/0    24:39   5:26   0:00 
Matt MacKenzie           0  0  0  -4  0   1  1  2  0  0  0/0    23:21   4:05   0:00 
Mitch Callahan           0  0  0  -1  0   1  0  0  1  1  0/0    11:35   1:33   0:00 
Quinton Howden           0  0  0   0  10  1  1  1  0  1  1/2    12:58   0:03   0:00 
Scott Timmins            0  1  1  -2  10  2  3  2  1  0  15/19  19:11   5:12   0:00 
Steven Pinizzotto        1  0  1  -2  0   4  1  0  2  0  0/1    10:24   2:20   0:00 
Troy Rutkowski           0  0  0  -2  25  0  1  0  0  1  0/0     5:52   0:00   0:00 
Viktor Arvidsson         0  0  0  -1  0   0  1  0  2  0  0/0    21:42   1:56   0:00 

3 Stars

1 - Joe Morrow (ONT)
2 - William Karlsson (ONT)
3 - Teuvo Teravainen (ONT)

Power Play

Reign - 1 on 2 Attempt(s) - 50.00%
Monsters - 1 on 6 Attempt(s) - 16.67%

Penalty Kill

Reign - 5 on 6 Attempt(s) - 83.33% - Score 0 goal in Penalty Kill
Monsters - 1 on 2 Attempt(s) - 50.00% - Score 0 goal in Penalty Kill

Team Stat

Reign - Hits : 21 - Faceoff Wins : 29 - Blocked Shots : 13 - Penalty Minutes : 127
Monsters - Hits : 14 - Faceoff Wins : 32 - Blocked Shots : 15 - Penalty Minutes : 109

Official

Referees : Unknown
Linesman : Unknown

Game Notes

Taylor Peters beats up Quinton Howden at 11:22 of 1st period
Davis Drewiske beats up Jeff Hoggan at 11:33 of 1st period
Jason Jaffray beats up Troy Rutkowski at 12:28 of 1st period
Barclay Goodrow is injured at 13:33 of 1st period (Sore Left Knee)
Blair Riley and C.J. Stretch fight to a draw at 13:40 of 1st period
Cal O'Reilly and Matej Stransky fight to a draw at 13:49 of 1st period
Tom Kostopoulos beats up Troy Rutkowski at 0:45 of 2nd period
FARM GOALIE2 enters game at 2:09 of 2nd period
Davis Drewiske beats up Jeff Hoggan at 3:20 of 2nd period
Blair Riley beats up Taylor Doherty at 3:23 of 2nd period
Scott Timmins and Tom Kostopoulos fight to a draw at 6:32 of 2nd period
Quinton Howden and Taylor Peters fight to a draw at 8:26 of 2nd period
Cal O'Reilly beats up Jason Jaffray at 8:29 of 2nd period
Davis Drewiske beats up Troy Rutkowski at 9:34 of 2nd period
Troy Rutkowski ejected from game at 9:34 of 2nd period
Davis Drewiske ejected from game at 9:34 of 2nd period
Jeff Hoggan and Taylor Doherty fight to a draw at 9:55 of 2nd period
Jeff Hoggan ejected from game at 9:55 of 2nd period
Steven Pinizzotto is injured at 10:50 of 2nd period (Left Leg)
Scott Timmins and Tom Kostopoulos fight to a draw at 11:56 of 2nd period
Tom Kostopoulos ejected from game at 11:56 of 2nd period
Blair Riley and Brett Olson fight to a draw at 12:42 of 2nd period
Blair Riley ejected from game at 12:42 of 2nd period
FARM GOALIE1 enters game at 16:21 of 2nd period

Finance

Level 1 -- Attendance: 1625 (81.25%) -- Ticket Income $56,875
Level 2 -- Attendance: 788 (78.80%) -- Ticket Income $11,820
Total Attendance: 2413 (80.43%)
Total Ticket Income: $68,695
Other Income: $33,661
Total Income: $102,356

Reign

5 vs 5 Forward 
   Center                   Left Wing                Right Wing               Time % Phy DF OF 
 1 William Karlsson         Jason Jaffray            Teuvo Teravainen         35     1   2  2  
 2 Brett Olson              Cody Beach               Tom Kostopoulos          30     1   2  2  
 3 C.J. Stretch             FARM PLAYER32            Brian McGrattan          22     1   2  2  
 4 Taylor Peters            William Karlsson         Matej Stransky           13     1   2  2  

5 vs 5 Defense 
   Defense                  Defense                                           Time % Phy DF OF 
 1 Joe Morrow               Justin Falk                                       35     1   2  2  
 2 Nathan Paetsch           Davis Drewiske                                    30     1   2  2  
 3 Taylor Doherty           Jake McCabe                                       22     1   2  2  
 4 Evan Oberg               Joe Morrow                                        13     1   2  2  

PowerPlay Forward 
   Center                   Left Wing                Right Wing               Time % Phy DF OF 
 1 William Karlsson         Jason Jaffray            Teuvo Teravainen         60     1   2  2  
 2 Brett Olson              Cody Beach               Tom Kostopoulos          40     1   2  2  

PowerPlay Defense
   Defense                  Defense                                           Time % Phy DF OF 
 1 Joe Morrow               Justin Falk                                       60     1   2  2  
 2 Nathan Paetsch           Davis Drewiske                                    40     1   2  2  

Penalty Kill 4 Players Forward 
   Center                   Wing                     Time % Phy DF OF 
 1 William Karlsson         Teuvo Teravainen         60     1   2  2  
 2 Tom Kostopoulos          Brian McGrattan          40     1   2  2  

Penalty Kill 4 Players Defense
   Defense                  Defense                  Time % Phy DF OF 
 1 Joe Morrow               Justin Falk              60     1   2  2  
 2 Nathan Paetsch           Davis Drewiske           40     1   2  2  

Penalty Kill - 3 Players Forward 
   Forward                                           Time % Phy DF OF 
 1 William Karlsson                                  60     1   2  2  
 2 Teuvo Teravainen                                  40     1   2  2  

Penalty Kill - 3 Players Defense
   Defense                  Defense                  Time % Phy DF OF 
 1 Joe Morrow               Justin Falk              60     1   2  2  
 2 Nathan Paetsch           Davis Drewiske           40     1   2  2  

4 vs 4 Forward 
   Center                   Wing                     Time % Phy DF OF 
 1 William Karlsson         Teuvo Teravainen         60     1   2  2  
 2 Tom Kostopoulos          Brian McGrattan          40     1   2  2  

4 vs 4 Defense
   Defense                  Defense                  Time % Phy DF OF 
 1 Joe Morrow               Justin Falk              60     1   2  2  
 2 Nathan Paetsch           Davis Drewiske           40     1   2  2  

Last Minutes Offensive
   Center                   Left Wing                Right Wing               Defense                  Defense                  
   William Karlsson         Jason Jaffray            Teuvo Teravainen         Joe Morrow               Justin Falk              

Last Minutes Defensive
   Center                   Left Wing                Right Wing               Defense                  Defense                  
   William Karlsson         Jason Jaffray            Teuvo Teravainen         Joe Morrow               Justin Falk              

Goaltenders
Starting : Reto Berra               
Backup : Troy Grosenick           

Extra Forwards
Normal : C.J. Stretch, Matej Stransky, Taylor Peters - PP : C.J. Stretch, Matej Stransky - PK : Taylor Peters
Extra Defensemen
Normal : Taylor Doherty, Jake McCabe, Evan Oberg - PP : Taylor Doherty - PK : Jake McCabe, Evan Oberg
Penalty Shots
William Karlsson, Teuvo Teravainen, Tom Kostopoulos, Brian McGrattan, Jason Jaffray

Monsters

5 vs 5 Forward 
   Center                   Left Wing                Right Wing               Time % Phy DF OF 
 1 Barclay Goodrow          Cal O'Reilly             Jordan Weal              35     1   2  2  
 2 Scott Timmins            Steven Pinizzotto        Jeff Hoggan              30     1   2  2  
 3 Quinton Howden           Viktor Arvidsson         Charles Hudon            22     1   2  2  
 4 Barclay Goodrow          Blair Riley              Chase Balisy             13     1   2  2  

5 vs 5 Defense 
   Defense                  Defense                                           Time % Phy DF OF 
 1 Kris Fredheim            Mac Bennett                                       35     1   2  2  
 2 Brandon Montour          Matt MacKenzie                                    30     1   2  2  
 3 Troy Rutkowski           FARM PLAYER13                                     22     1   2  2  
 4 Kris Fredheim            Brandon Montour                                   13     1   2  2  

PowerPlay Forward 
   Center                   Left Wing                Right Wing               Time % Phy DF OF 
 1 Barclay Goodrow          Cal O'Reilly             Jordan Weal              60     1   2  2  
 2 Scott Timmins            Steven Pinizzotto        Jeff Hoggan              40     1   2  2  

PowerPlay Defense
   Defense                  Defense                                           Time % Phy DF OF 
 1 Kris Fredheim            Mac Bennett                                       60     1   2  2  
 2 Brandon Montour          Matt MacKenzie                                    40     1   2  2  

Penalty Kill 4 Players Forward 
   Center                   Wing                     Time % Phy DF OF 
 1 Barclay Goodrow          Jordan Weal              60     1   2  2  
 2 Quinton Howden           Viktor Arvidsson         40     1   2  2  

Penalty Kill 4 Players Defense
   Defense                  Defense                  Time % Phy DF OF 
 1 Kris Fredheim            Brandon Montour          60     1   2  2  
 2 Matt MacKenzie           Mac Bennett              40     1   2  2  

Penalty Kill - 3 Players Forward 
   Forward                                           Time % Phy DF OF 
 1 Cal O'Reilly                                      60     1   2  2  
 2 Charles Hudon                                     40     1   2  2  

Penalty Kill - 3 Players Defense
   Defense                  Defense                  Time % Phy DF OF 
 1 Kris Fredheim            Mac Bennett              60     1   2  2  
 2 FARM PLAYER13            Troy Rutkowski           40     1   2  2  

4 vs 4 Forward 
   Center                   Wing                     Time % Phy DF OF 
 1 Cal O'Reilly             Barclay Goodrow          60     1   2  2  
 2 Jordan Weal              Scott Timmins            40     1   2  2  

4 vs 4 Defense
   Defense                  Defense                  Time % Phy DF OF 
 1 Mac Bennett              Kris Fredheim            60     1   2  2  
 2 Troy Rutkowski           Brandon Montour          40     1   2  2  

Last Minutes Offensive
   Center                   Left Wing                Right Wing               Defense                  Defense                  
   Barclay Goodrow          Cal O'Reilly             Jordan Weal              Kris Fredheim            Mac Bennett              

Last Minutes Defensive
   Center                   Left Wing                Right Wing               Defense                  Defense                  
   Barclay Goodrow          Cal O'Reilly             Jordan Weal              Kris Fredheim            Mac Bennett              

Goaltenders
Starting : FARM GOALIE1             
Backup : FARM GOALIE2             

Extra Forwards
Normal : Blair Riley, Barclay Goodrow, Cal O'Reilly - PP : Jordan Weal, Scott Timmins - PK : Chase Balisy
Extra Defensemen
Normal : FARM PLAYER13, Kris Fredheim, Mac Bennett - PP : Brandon Montour - PK : Matt MacKenzie, Kris Fredheim
Penalty Shots
Blair Riley, Barclay Goodrow, Cal O'Reilly, Jordan Weal, Scott Timmins

% Time on Ice - Reign

Lines # - Real PCT - Wanted PCT - Time Play
Normal Forward
1 - 29% - 35% - 14:48
2 - 38% - 30% - 19:06
3 - 21% - 22% - 10:31
4 - 13% - 13% - 6:22
Normal Defense
1 - 34% - 35% - 17:04
2 - 36% - 30% - 18:32
3 - 17% - 22% - 8:28
4 - 13% - 13% - 6:43
PP Forward
1 - 100% - 60% - 0:07
2 - 0% - 40% - 0:00
PP Defense
1 - 100% - 60% - 0:07
2 - 0% - 40% - 0:00
PK Forward
1 - 78% - 60% - 7:08
2 - 22% - 40% - 1:58
PK Defense
1 - 56% - 60% - 5:05
2 - 44% - 40% - 4:01
PK3 Forward
1 - 0% - 60%
2 - 0% - 40%
PK3 Defense
1 - 0% - 60%
2 - 0% - 40%
44 Forward
1 - 0% - 60%
2 - 0% - 40%
44 Defense
1 - 0% - 60%
2 - 0% - 40%
Last Minute Offensive  - 0:00
Last Minute Defensive  - 0:00
Total
Forward - 60:00
Defense - 60:00

% Time on Ice - Monsters

Lines # - Real PCT - Wanted PCT - Time Play
Normal Forward
1 - 24% - 35% - 11:59
2 - 41% - 30% - 20:59
3 - 13% - 22% - 6:24
4 - 22% - 13% - 11:25
Normal Defense
1 - 28% - 35% - 14:25
2 - 28% - 30% - 14:28
3 - 37% - 22% - 18:59
4 - 6% - 13% - 2:55
PP Forward
1 - 44% - 60% - 4:00
2 - 56% - 40% - 5:06
PP Defense
1 - 68% - 60% - 6:13
2 - 32% - 40% - 2:53
PK Forward
1 - 100% - 60% - 0:07
2 - 0% - 40% - 0:00
PK Defense
1 - 100% - 60% - 0:07
2 - 0% - 40% - 0:00
PK3 Forward
1 - 0% - 60%
2 - 0% - 40%
PK3 Defense
1 - 0% - 60%
2 - 0% - 40%
44 Forward
1 - 0% - 60%
2 - 0% - 40%
44 Defense
1 - 0% - 60%
2 - 0% - 40%
Last Minute Offensive  - 0:00
Last Minute Defensive  - 0:00
Total
Forward - 60:00
Defense - 60:00

Play by Play

1st period


0:01 of 1st period - William Karlsson wins face-off versus Barclay Goodrow in neutral zone.
0:08 of 1st period - Slapshot by Joe Morrow.
0:08 of 1st period - Shot Misses the Net.
0:10 of 1st period - Wrist shot by William Karlsson.
0:10 of 1st period - Stopped by FARM GOALIE1 with a rebound.
0:12 of 1st period - Slapshot by Teuvo Teravainen.
0:12 of 1st period - Shot Misses the Net.
0:14 of 1st period - Slapshot by Joe Morrow.
0:14 of 1st period - Shot Misses the Net.
0:16 of 1st period - Slapshot by Jason Jaffray.
0:16 of 1st period - Goal by Jason Jaffray - Reign : 1 - Monsters : 0.
0:17 of 1st period - Scott Timmins wins face-off versus Tom Kostopoulos in neutral zone.
0:27 of 1st period - Minor Penalty to Cody Beach for High sticking.
0:28 of 1st period - William Karlsson wins face-off versus Barclay Goodrow in Reign zone.
1:23 of 1st period - Snap shot by Steven Pinizzotto.
1:23 of 1st period - Stopped by Reto Berra with a rebound.
1:25 of 1st period - Snap shot by Scott Timmins.
1:25 of 1st period - Shot Misses the Net.
1:27 of 1st period - Slapshot by Matt MacKenzie.
1:27 of 1st period - Stopped by Reto Berra with a rebound.
1:35 of 1st period - Wrist shot by Steven Pinizzotto.
1:35 of 1st period - Stopped by Reto Berra with a rebound.
1:37 of 1st period - Wrist shot by Steven Pinizzotto.
1:37 of 1st period - Goal by Steven Pinizzotto - Reign : 1 - Monsters : 1.
1:38 of 1st period - William Karlsson wins face-off versus Quinton Howden in neutral zone.
1:49 of 1st period - Snap shot by William Karlsson.
1:49 of 1st period - Deflect By Teuvo Teravainen.
1:49 of 1st period - Stopped by FARM GOALIE1 with a rebound.
1:51 of 1st period - Slapshot by Jake McCabe.
1:51 of 1st period - Stopped by FARM GOALIE1 with a rebound.
2:07 of 1st period - Wrist shot by Teuvo Teravainen.
2:07 of 1st period - Stopped by FARM GOALIE1 with a rebound.
2:27 of 1st period - Charles Hudon is hit by Jake McCabe and loses puck.
3:15 of 1st period - Minor Penalty to FARM PLAYER13 for Goalie Interference.
3:16 of 1st period - William Karlsson wins face-off versus Barclay Goodrow in Monsters zone.
3:20 of 1st period - Snap shot by Jason Jaffray.
3:20 of 1st period - Shot Misses the Net.
3:22 of 1st period - Slapshot by Joe Morrow.
3:22 of 1st period - Deflect By William Karlsson.
3:22 of 1st period - Goal by William Karlsson - Reign : 2 - Monsters : 1.
3:23 of 1st period - Taylor Peters wins face-off versus Barclay Goodrow in neutral zone.
3:28 of 1st period - Barclay Goodrow is hit by Justin Falk and loses puck.
3:39 of 1st period - Slapshot by Joe Morrow.
3:39 of 1st period - Shot Blocked by Jordan Weal.
3:41 of 1st period - Slapshot by Justin Falk.
3:41 of 1st period - Shot Blocked by Barclay Goodrow.
3:43 of 1st period - Slapshot by William Karlsson.
3:43 of 1st period - Shot Misses the Net.
4:23 of 1st period - Off-side.
4:24 of 1st period - Scott Timmins wins face-off versus C.J. Stretch in neutral zone.
4:27 of 1st period - Snap shot by Steven Pinizzotto.
4:27 of 1st period - Deflect By Scott Timmins.
4:27 of 1st period - Shot Blocked by Davis Drewiske.
4:27 of 1st period - Puck is out of play.
4:28 of 1st period - C.J. Stretch wins face-off versus Scott Timmins in Reign zone.
4:41 of 1st period - Slapshot by Davis Drewiske.
4:41 of 1st period - Stopped by FARM GOALIE1 with a rebound.
4:43 of 1st period - Slapshot by Davis Drewiske.
4:43 of 1st period - Shot Blocked by Jeff Hoggan.
4:45 of 1st period - Slapshot by Davis Drewiske.
4:45 of 1st period - Deflect By FARM PLAYER32.
4:45 of 1st period - Shot Blocked by Matt MacKenzie.
4:45 of 1st period - Puck is out of play.
4:46 of 1st period - Brett Olson wins face-off versus Barclay Goodrow in Monsters zone.
5:06 of 1st period - Off-side.
5:07 of 1st period - Scott Timmins wins face-off versus William Karlsson in neutral zone.
5:24 of 1st period - Snap shot by Steven Pinizzotto.
5:24 of 1st period - Shot Misses the Net.
5:32 of 1st period - Slapshot by William Karlsson.
5:32 of 1st period - Shot Misses the Net.
5:42 of 1st period - Snap shot by Jason Jaffray.
5:42 of 1st period - Deflect By Teuvo Teravainen.
5:42 of 1st period - Shot Misses the Net.
5:42 of 1st period - Puck is out of play.
5:43 of 1st period - Brett Olson wins face-off versus Barclay Goodrow in Monsters zone.
7:27 of 1st period - Snap shot by William Karlsson.
7:27 of 1st period - Shot Misses the Net.
7:29 of 1st period - Slapshot by Joe Morrow.
7:29 of 1st period - Stopped by FARM GOALIE1 with a rebound.
7:31 of 1st period - Snap shot by Joe Morrow.
7:31 of 1st period - Shot Blocked by Scott Timmins.
7:33 of 1st period - Snap shot by Teuvo Teravainen.
7:33 of 1st period - Goal by Teuvo Teravainen - Reign : 3 - Monsters : 1.
7:34 of 1st period - Brett Olson wins face-off versus Barclay Goodrow in neutral zone.
8:05 of 1st period - Snap shot by Jordan Weal.
8:05 of 1st period - Shot Blocked by Davis Drewiske.
8:07 of 1st period - Wrist shot by Barclay Goodrow.
8:07 of 1st period - Shot Misses the Net.
8:12 of 1st period - Minor Penalty to Brett Olson for Holding Stick.
8:13 of 1st period - Scott Timmins wins face-off versus William Karlsson in Reign zone.
8:15 of 1st period - Wrist shot by Steven Pinizzotto.
8:15 of 1st period - Shot Misses the Net.
8:17 of 1st period - Slapshot by Steven Pinizzotto.
8:17 of 1st period - Deflect By Jeff Hoggan.
8:17 of 1st period - Shot Misses the Net.
8:17 of 1st period - Puck is out of play.
8:18 of 1st period - Scott Timmins wins face-off versus William Karlsson in Reign zone.
9:54 of 1st period - Justin Falk is hit by Scott Timmins and loses puck.
10:12 of 1st period - Penalty to Brett Olson is over, Brett Olson is back on ice.
10:54 of 1st period - Brian McGrattan is hit by Viktor Arvidsson and loses puck.
11:01 of 1st period - Slapshot by Jake McCabe.
11:01 of 1st period - Shot Blocked by Quinton Howden.
11:22 of 1st period - Taylor Peters beats up Quinton Howden.
11:22 of 1st period - Penalty to Quinton Howden for Fighting.
11:22 of 1st period - Penalty to Taylor Peters for Fighting.
11:23 of 1st period - Scott Timmins wins face-off versus Brett Olson in Monsters zone.
11:33 of 1st period - Davis Drewiske beats up Jeff Hoggan.
11:33 of 1st period - Penalty to Jeff Hoggan for Fighting.
11:33 of 1st period - Penalty to Davis Drewiske for Fighting.
11:34 of 1st period - Tom Kostopoulos wins face-off versus Barclay Goodrow in neutral zone.
11:51 of 1st period - Cody Beach is hit by Barclay Goodrow and loses puck.
12:10 of 1st period - Snap shot by Barclay Goodrow.
12:10 of 1st period - Shot Blocked by Joe Morrow.
12:26 of 1st period - William Karlsson is hit by Scott Timmins and loses puck.
12:28 of 1st period - Jason Jaffray beats up Troy Rutkowski.
12:28 of 1st period - Penalty to Troy Rutkowski for Fighting.
12:28 of 1st period - Penalty to Jason Jaffray for Fighting.
12:29 of 1st period - Scott Timmins wins face-off versus William Karlsson in Reign zone.
13:15 of 1st period - Barclay Goodrow is hit by Cody Beach and loses puck.
13:25 of 1st period - Icing by Mac Bennett.
13:26 of 1st period - Brett Olson wins face-off versus Barclay Goodrow in Monsters zone.
13:33 of 1st period - Snap shot by Brett Olson.
13:33 of 1st period - Shot Blocked by Barclay Goodrow.
13:33 of 1st period - Barclay Goodrow from Monsters is injured at 13:33 of 1st period (Sore Left Knee).
13:34 of 1st period - William Karlsson wins face-off versus Cal O'Reilly in Monsters zone.
13:40 of 1st period - Blair Riley and C.J. Stretch fight to a draw.
13:40 of 1st period - Penalty to Blair Riley for Fighting.
13:40 of 1st period - Penalty to C.J. Stretch for Fighting.
13:41 of 1st period - William Karlsson wins face-off versus Cal O'Reilly in Monsters zone.
13:42 of 1st period - Slapshot by Joe Morrow.
13:42 of 1st period - Shot Misses the Net.
13:44 of 1st period - Slapshot by Justin Falk.
13:44 of 1st period - Stopped by FARM GOALIE1 with a rebound.
13:46 of 1st period - Snap shot by Justin Falk.
13:46 of 1st period - Shot Blocked by Cal O'Reilly.
13:48 of 1st period - Wrist shot by Joe Morrow.
13:48 of 1st period - Shot Blocked by Cal O'Reilly.
13:49 of 1st period - Cal O'Reilly and Matej Stransky fight to a draw.
13:49 of 1st period - Penalty to Cal O'Reilly for Fighting.
13:49 of 1st period - Penalty to Matej Stransky for Fighting.
13:49 of 1st period - Penalty to Matej Stransky for instigated a fight.
13:49 of 1st period - Penalty to Matej Stransky for instigated a fight.
13:50 of 1st period - Scott Timmins wins face-off versus William Karlsson in Monsters zone.
13:56 of 1st period - Off-side.
13:57 of 1st period - Scott Timmins wins face-off versus Teuvo Teravainen in neutral zone.
14:00 of 1st period - Slapshot by Jordan Weal.
14:00 of 1st period - Stopped by Reto Berra without a rebound.
14:01 of 1st period - Scott Timmins wins face-off versus William Karlsson in Reign zone.
14:52 of 1st period - Mac Bennett is hit by Joe Morrow and loses puck.
15:03 of 1st period - Wrist shot by Teuvo Teravainen.
15:03 of 1st period - Shot Misses the Net.
15:15 of 1st period - Steven Pinizzotto is hit by Brian McGrattan and loses puck.
15:24 of 1st period - Wrist shot by Tom Kostopoulos.
15:24 of 1st period - Stopped by FARM GOALIE1 with a rebound.
15:49 of 1st period - Penalty to Matej Stransky is over, FARM PLAYER32 is send on ice.
16:31 of 1st period - Snap shot by Tom Kostopoulos.
16:31 of 1st period - Stopped by FARM GOALIE1 with a rebound.
16:33 of 1st period - Wrist shot by Brett Olson.
16:33 of 1st period - Shot Misses the Net.
16:35 of 1st period - Snap shot by Tom Kostopoulos.
16:35 of 1st period - Shot Misses the Net.
16:37 of 1st period - Wrist shot by Brett Olson.
16:37 of 1st period - Stopped by FARM GOALIE1 without a rebound.
16:38 of 1st period - Jordan Weal wins face-off versus Tom Kostopoulos in Monsters zone.
16:55 of 1st period - Snap shot by Brett Olson.
16:55 of 1st period - Stopped by FARM GOALIE1 with a rebound.
17:59 of 1st period - Taylor Peters is hit by Troy Rutkowski and loses puck.
19:17 of 1st period - Icing by Cal O'Reilly.
19:18 of 1st period - William Karlsson wins face-off versus Blair Riley in Monsters zone.
Goals for this period are 3 for Reign vs 1 for Monsters.
Shots for this period are 14 for Reign vs 5 for Monsters.

2nd period


0:01 of 2nd period - William Karlsson wins face-off versus Blair Riley in neutral zone.
0:04 of 2nd period - Wrist shot by Joe Morrow.
0:04 of 2nd period - Stopped by FARM GOALIE1 with a rebound.
0:45 of 2nd period - Tom Kostopoulos beats up Troy Rutkowski.
0:45 of 2nd period - Penalty to Troy Rutkowski for Fighting.
0:45 of 2nd period - Penalty to Tom Kostopoulos for Fighting.
0:46 of 2nd period - C.J. Stretch wins face-off versus Scott Timmins in neutral zone.
1:01 of 2nd period - Wrist shot by Scott Timmins.
1:01 of 2nd period - Stopped by Reto Berra without a rebound.
1:02 of 2nd period - Jeff Hoggan wins face-off versus Brett Olson in Reign zone.
1:30 of 2nd period - Wrist shot by Steven Pinizzotto.
1:30 of 2nd period - Shot Misses the Net.
1:32 of 2nd period - Slapshot by Matt MacKenzie.
1:32 of 2nd period - Deflect By Steven Pinizzotto.
1:32 of 2nd period - Stopped by Reto Berra with a rebound.
1:48 of 2nd period - William Karlsson is hit by Cal O'Reilly and loses puck.
2:05 of 2nd period - Wrist shot by William Karlsson.
2:05 of 2nd period - Stopped by FARM GOALIE1 with a rebound.
2:07 of 2nd period - Backhand shot by Justin Falk.
2:07 of 2nd period - Stopped by FARM GOALIE1 with a rebound.
2:09 of 2nd period - Snap shot by Teuvo Teravainen.
2:09 of 2nd period - Goal by Teuvo Teravainen - Reign : 4 - Monsters : 1.
2:09 of 2nd period - FARM GOALIE2 enters game.
2:10 of 2nd period - Quinton Howden wins face-off versus Taylor Peters in neutral zone.
3:12 of 2nd period - Steven Pinizzotto is hit by Davis Drewiske and loses puck.
3:20 of 2nd period - Davis Drewiske beats up Jeff Hoggan.
3:20 of 2nd period - Penalty to Jeff Hoggan for Fighting.
3:20 of 2nd period - Penalty to Davis Drewiske for Fighting.
3:21 of 2nd period - Blair Riley wins face-off versus Brett Olson in neutral zone.
3:23 of 2nd period - Blair Riley beats up Taylor Doherty.
3:23 of 2nd period - Penalty to Blair Riley for Fighting.
3:23 of 2nd period - Penalty to Taylor Doherty for Fighting.
3:24 of 2nd period - FARM PLAYER13 wins face-off versus Jason Jaffray in neutral zone.
3:53 of 2nd period - Wrist shot by Cal O'Reilly.
3:53 of 2nd period - Shot Misses the Net.
3:55 of 2nd period - Slapshot by Kris Fredheim.
3:55 of 2nd period - Deflect By Jordan Weal.
3:55 of 2nd period - Deflect By William Karlsson.
3:55 of 2nd period - Stopped by Reto Berra with a rebound.
3:59 of 2nd period - Snap shot by Jordan Weal.
3:59 of 2nd period - Stopped by Reto Berra without a rebound.
4:00 of 2nd period - Scott Timmins wins face-off versus C.J. Stretch in Reign zone.
4:07 of 2nd period - Snap shot by Steven Pinizzotto.
4:07 of 2nd period - Deflect By Jake McCabe.
4:07 of 2nd period - Shot Misses the Net.
4:07 of 2nd period - Puck is out of play.
4:08 of 2nd period - Brian McGrattan wins face-off versus Scott Timmins in Reign zone.
4:15 of 2nd period - Slapshot by Jake McCabe.
4:15 of 2nd period - Shot Hit the Post.
4:29 of 2nd period - Wrist shot by Steven Pinizzotto.
4:29 of 2nd period - Shot Blocked by C.J. Stretch.
4:52 of 2nd period - Kris Fredheim is hit by Justin Falk and loses puck.
4:59 of 2nd period - Joe Morrow is hit by Quinton Howden and loses puck.
5:44 of 2nd period - Viktor Arvidsson is hit by William Karlsson and loses puck.
5:51 of 2nd period - Wrist shot by William Karlsson.
5:51 of 2nd period - Stopped by FARM GOALIE2 with a rebound.
6:01 of 2nd period - Jake McCabe is hit by FARM PLAYER13 and loses puck.
6:20 of 2nd period - Snap shot by Tom Kostopoulos.
6:20 of 2nd period - Stopped by FARM GOALIE2 with a rebound.
6:22 of 2nd period - Wrist shot by Brett Olson.
6:22 of 2nd period - Shot Misses the Net.
6:24 of 2nd period - Slapshot by Joe Morrow.
6:24 of 2nd period - Shot Blocked by Scott Timmins.
6:26 of 2nd period - Slapshot by Evan Oberg.
6:26 of 2nd period - Shot Misses the Net.
6:28 of 2nd period - Wrist shot by Brett Olson.
6:28 of 2nd period - Goal by Brett Olson - Reign : 5 - Monsters : 1.
6:29 of 2nd period - Scott Timmins wins face-off versus Brett Olson in neutral zone.
6:31 of 2nd period - Off-side.
6:32 of 2nd period - Brett Olson wins face-off versus Steven Pinizzotto in neutral zone.
6:32 of 2nd period - Scott Timmins and Tom Kostopoulos fight to a draw.
6:32 of 2nd period - Penalty to Scott Timmins for Fighting.
6:32 of 2nd period - Penalty to Tom Kostopoulos for Fighting.
6:33 of 2nd period - William Karlsson wins face-off versus FARM PLAYER13 in neutral zone.
6:43 of 2nd period - Slapshot by Joe Morrow.
6:43 of 2nd period - Deflect By William Karlsson.
6:43 of 2nd period - Goal by William Karlsson - Reign : 6 - Monsters : 1.
6:44 of 2nd period - William Karlsson wins face-off versus FARM PLAYER13 in neutral zone.
6:47 of 2nd period - Backhand shot by Joe Morrow.
6:47 of 2nd period - Shot Blocked by Brandon Montour.
6:55 of 2nd period - Wrist shot by Jordan Weal.
6:55 of 2nd period - Stopped by Reto Berra with a rebound.
7:05 of 2nd period - Snap shot by Cal O'Reilly.
7:05 of 2nd period - Shot Misses the Net.
7:07 of 2nd period - Wrist shot by Cal O'Reilly.
7:07 of 2nd period - Shot Blocked by Justin Falk.
7:09 of 2nd period - Slapshot by Brandon Montour.
7:09 of 2nd period - Stopped by Reto Berra without a rebound.
7:10 of 2nd period - Cal O'Reilly wins face-off versus Brett Olson in Reign zone.
8:14 of 2nd period - Wrist shot by Taylor Peters.
8:14 of 2nd period - Shot Misses the Net.
8:16 of 2nd period - Wrist shot by Taylor Peters.
8:16 of 2nd period - Shot Hit the Post.
8:26 of 2nd period - Quinton Howden and Taylor Peters fight to a draw.
8:26 of 2nd period - Penalty to Quinton Howden for Fighting.
8:26 of 2nd period - Penalty to Taylor Peters for Fighting.
8:27 of 2nd period - Blair Riley wins face-off versus William Karlsson in Monsters zone.
8:29 of 2nd period - Cal O'Reilly beats up Jason Jaffray.
8:29 of 2nd period - Penalty to Cal O'Reilly for Fighting.
8:29 of 2nd period - Penalty to Jason Jaffray for Fighting.
8:30 of 2nd period - Blair Riley wins face-off versus William Karlsson in neutral zone.
8:49 of 2nd period - 10 Minutes Misconduct Penalty to Matej Stransky is over.
9:23 of 2nd period - Cody Beach is hit by Steven Pinizzotto and loses puck.
9:34 of 2nd period - Davis Drewiske beats up Troy Rutkowski.
9:34 of 2nd period - Penalty to Troy Rutkowski for Fighting.
9:34 of 2nd period - Troy Rutkowski is ejected from game.
9:34 of 2nd period - Penalty to Davis Drewiske for Fighting.
9:34 of 2nd period - Davis Drewiske is ejected from game.
9:35 of 2nd period - Blair Riley wins face-off versus Brett Olson in Monsters zone.
9:55 of 2nd period - Jeff Hoggan and Taylor Doherty fight to a draw.
9:55 of 2nd period - Penalty to Jeff Hoggan for Fighting.
9:55 of 2nd period - Jeff Hoggan is ejected from game.
9:55 of 2nd period - Penalty to Taylor Doherty for Fighting.
9:55 of 2nd period - Penalty to Taylor Doherty for instigated a fight.
9:55 of 2nd period - Penalty to Taylor Doherty for instigated a fight.
9:56 of 2nd period - Blair Riley wins face-off versus William Karlsson in Reign zone.
9:57 of 2nd period - Snap shot by Jordan Weal.
9:57 of 2nd period - Stopped by Reto Berra with a rebound.
9:59 of 2nd period - Snap shot by Brandon Montour.
9:59 of 2nd period - Stopped by Reto Berra with a rebound.
10:32 of 2nd period - Joe Morrow is hit by Matt MacKenzie and loses puck.
10:49 of 2nd period - Steven Pinizzotto is hit by Matej Stransky and loses puck.
10:50 of 2nd period - Steven Pinizzotto from Monsters is injured at 10:50 of 2nd period (Left Leg).
10:51 of 2nd period - Blair Riley wins face-off versus William Karlsson in Monsters zone.
11:24 of 2nd period - Jordan Weal is hit by C.J. Stretch and loses puck.
11:41 of 2nd period - Viktor Arvidsson is hit by Cody Beach and loses puck.
11:52 of 2nd period - Joe Morrow is hit by Kris Fredheim and loses puck.
11:56 of 2nd period - Scott Timmins and Tom Kostopoulos fight to a draw.
11:56 of 2nd period - Penalty to Scott Timmins for Fighting.
11:56 of 2nd period - Penalty to Tom Kostopoulos for Fighting.
11:56 of 2nd period - Tom Kostopoulos is ejected from game.
11:57 of 2nd period - Blair Riley wins face-off versus Brett Olson in Reign zone.
12:08 of 2nd period - Wrist shot by Brett Olson.
12:08 of 2nd period - Goal by Brett Olson - Reign : 7 - Monsters : 1.
12:09 of 2nd period - Blair Riley wins face-off versus William Karlsson in neutral zone.
12:20 of 2nd period - Slapshot by Brandon Montour.
12:20 of 2nd period - Shot Blocked by Nathan Paetsch.
12:22 of 2nd period - Slapshot by Brandon Montour.
12:22 of 2nd period - Stopped by Reto Berra with a rebound.
12:24 of 2nd period - Wrist shot by Jordan Weal.
12:24 of 2nd period - Stopped by Reto Berra with a rebound.
12:26 of 2nd period - Snap shot by Kris Fredheim.
12:26 of 2nd period - Deflect By Jordan Weal.
12:26 of 2nd period - Stopped by Reto Berra with a rebound.
12:28 of 2nd period - Slapshot by FARM PLAYER13.
12:28 of 2nd period - Shot Blocked by Nathan Paetsch.
12:30 of 2nd period - Snap shot by Blair Riley.
12:30 of 2nd period - Stopped by Reto Berra without a rebound.
12:31 of 2nd period - Brett Olson wins face-off versus Blair Riley in Reign zone.
12:42 of 2nd period - Blair Riley and Brett Olson fight to a draw.
12:42 of 2nd period - Penalty to Blair Riley for Fighting.
12:42 of 2nd period - Blair Riley is ejected from game.
12:42 of 2nd period - Penalty to Brett Olson for Fighting.
12:43 of 2nd period - FARM PLAYER13 wins face-off versus William Karlsson in Monsters zone.
12:48 of 2nd period - Slapshot by Brandon Montour.
12:48 of 2nd period - Shot Blocked by Joe Morrow.
13:15 of 2nd period - Wrist shot by Justin Falk.
13:15 of 2nd period - Shot Blocked by Matt MacKenzie.
13:17 of 2nd period - Slapshot by Joe Morrow.
13:17 of 2nd period - Shot Blocked by Jordan Weal.
13:25 of 2nd period - Minor Penalty to Jordan Weal for Hooking.
13:26 of 2nd period - Penalty to Quinton Howden is over, Quinton Howden is back on ice.
13:26 of 2nd period - C.J. Stretch wins face-off versus FARM PLAYER13 in Monsters zone.
14:19 of 2nd period - Viktor Arvidsson is hit by Nathan Paetsch and loses puck.
15:35 of 2nd period - Off-side.
15:36 of 2nd period - Chase Balisy wins face-off versus Taylor Peters in neutral zone.
15:53 of 2nd period - Snap shot by Cal O'Reilly.
15:53 of 2nd period - Deflect By Mitch Callahan.
15:53 of 2nd period - Stopped by Reto Berra with a rebound.
15:55 of 2nd period - Backhand shot by Mitch Callahan.
15:55 of 2nd period - Shot Misses the Net.
15:57 of 2nd period - Snap shot by Mitch Callahan.
15:57 of 2nd period - Shot Misses the Net.
16:19 of 2nd period - Snap shot by William Karlsson.
16:19 of 2nd period - Shot Misses the Net.
16:21 of 2nd period - Slapshot by Joe Morrow.
16:21 of 2nd period - Goal by Joe Morrow - Reign : 8 - Monsters : 1.
16:21 of 2nd period - FARM GOALIE1 enters game.
16:22 of 2nd period - William Karlsson wins face-off versus FARM PLAYER13 in neutral zone.
16:54 of 2nd period - Off-side.
16:55 of 2nd period - C.J. Stretch wins face-off versus Chase Balisy in neutral zone.
17:50 of 2nd period - Viktor Arvidsson is hit by Taylor Peters and loses puck.
18:23 of 2nd period - Justin Falk is hit by Mac Bennett and loses puck.
19:11 of 2nd period - Brandon Montour is hit by Matej Stransky and loses puck.
Goals for this period are 5 for Reign vs 0 for Monsters.
Shots for this period are 10 for Reign vs 13 for Monsters.

3rd period


0:01 of 3rd period - Chase Balisy wins face-off versus Taylor Peters in neutral zone.
0:09 of 3rd period - Slapshot by Joe Morrow.
0:09 of 3rd period - Stopped by FARM GOALIE1 with a rebound.
0:11 of 3rd period - Slapshot by Taylor Peters.
0:11 of 3rd period - Shot Misses the Net.
0:13 of 3rd period - Slapshot by Justin Falk.
0:13 of 3rd period - Deflect By Chase Balisy.
0:13 of 3rd period - Stopped by FARM GOALIE1 with a rebound.
0:15 of 3rd period - Slapshot by Joe Morrow.
0:15 of 3rd period - Deflect By William Karlsson.
0:15 of 3rd period - Shot Misses the Net.
0:15 of 3rd period - Puck is out of play.
0:16 of 3rd period - William Karlsson wins face-off versus Chase Balisy in Monsters zone.
0:55 of 3rd period - Viktor Arvidsson is hit by Matej Stransky and loses puck.
2:23 of 3rd period - Slapshot by Joe Morrow.
2:23 of 3rd period - Goal by Joe Morrow - Reign : 9 - Monsters : 1.
2:24 of 3rd period - Brett Olson wins face-off versus FARM PLAYER13 in neutral zone.
2:35 of 3rd period - Snap shot by Viktor Arvidsson.
2:35 of 3rd period - Shot Blocked by Brett Olson.
2:37 of 3rd period - Snap shot by Mac Bennett.
2:37 of 3rd period - Shot Blocked by Jake McCabe.
2:39 of 3rd period - Snap shot by FARM PLAYER13.
2:39 of 3rd period - Shot Misses the Net.
3:55 of 3rd period - Brandon Montour is hit by Joe Morrow and loses puck.
4:25 of 3rd period - Slapshot by Joe Morrow.
4:25 of 3rd period - Shot Blocked by Mac Bennett.
4:44 of 3rd period - Icing by Mitch Callahan.
4:45 of 3rd period - Brett Olson wins face-off versus Scott Timmins in Monsters zone.
4:47 of 3rd period - Minor Penalty to Cody Beach for Hooking.
4:48 of 3rd period - Scott Timmins wins face-off versus Teuvo Teravainen in Reign zone.
4:55 of 3rd period - 10 Minutes Misconduct Penalty to Taylor Doherty is over.
5:20 of 3rd period - Slapshot by Joe Morrow.
5:20 of 3rd period - Stopped by FARM GOALIE1 with a rebound.
5:43 of 3rd period - Off-side.
5:44 of 3rd period - Taylor Peters wins face-off versus FARM PLAYER13 in neutral zone.
6:22 of 3rd period - Brian McGrattan is hit by Scott Timmins and loses puck.
6:47 of 3rd period - Penalty to Cody Beach is over, Cody Beach is back on ice.
7:14 of 3rd period - Jake McCabe is hit by Cal O'Reilly and loses puck.
8:24 of 3rd period - Backhand shot by Mitch Callahan.
8:24 of 3rd period - Shot Misses the Net.
8:26 of 3rd period - Snap shot by Chase Balisy.
8:26 of 3rd period - Stopped by Reto Berra with a rebound.
8:41 of 3rd period - Brandon Montour is hit by FARM PLAYER32 and loses puck.
9:06 of 3rd period - Icing by Justin Falk.
9:07 of 3rd period - Jordan Weal wins face-off versus Matej Stransky in Reign zone.
9:48 of 3rd period - Mac Bennett is hit by Nathan Paetsch and loses puck.
10:01 of 3rd period - Minor Penalty to Evan Oberg for Hooking.
10:02 of 3rd period - Scott Timmins wins face-off versus William Karlsson in Reign zone.
11:05 of 3rd period - Mitch Callahan is hit by Teuvo Teravainen and loses puck.
11:12 of 3rd period - Snap shot by Taylor Peters.
11:12 of 3rd period - Shot Misses the Net.
11:16 of 3rd period - Snap shot by Teuvo Teravainen.
11:16 of 3rd period - Stopped by FARM GOALIE1 with a rebound.
12:01 of 3rd period - Penalty to Evan Oberg is over, Evan Oberg is back on ice.
12:37 of 3rd period - Snap shot by Jordan Weal.
12:37 of 3rd period - Stopped by Reto Berra with a rebound.
13:22 of 3rd period - Quinton Howden is hit by Evan Oberg and loses puck.
13:52 of 3rd period - Wrist shot by Cal O'Reilly.
13:52 of 3rd period - Shot Misses the Net.
13:54 of 3rd period - Slapshot by Mitch Callahan.
13:54 of 3rd period - Shot Misses the Net.
14:21 of 3rd period - Slapshot by Joe Morrow.
14:21 of 3rd period - Shot Blocked by Chase Balisy.
14:41 of 3rd period - Wrist shot by Scott Timmins.
14:41 of 3rd period - Deflect By Justin Falk.
14:41 of 3rd period - Stopped by Reto Berra without a rebound.
14:42 of 3rd period - Scott Timmins wins face-off versus Brett Olson in Reign zone.
14:49 of 3rd period - Wrist shot by Scott Timmins.
14:49 of 3rd period - Shot Misses the Net.
15:51 of 3rd period - Mitch Callahan is hit by Joe Morrow and loses puck.
17:56 of 3rd period - Wrist shot by Chase Balisy.
17:56 of 3rd period - Shot Misses the Net.
18:16 of 3rd period - Slapshot by Jordan Weal.
18:16 of 3rd period - Stopped by Reto Berra with a rebound.
18:18 of 3rd period - Slapshot by Quinton Howden.
18:18 of 3rd period - Stopped by Reto Berra with a rebound.
18:20 of 3rd period - Snap shot by Quinton Howden.
18:20 of 3rd period - Shot Misses the Net.
19:04 of 3rd period - Slapshot by Chase Balisy.
19:04 of 3rd period - Stopped by Reto Berra with a rebound.
19:06 of 3rd period - Slapshot by Chase Balisy.
19:06 of 3rd period - Stopped by Reto Berra with a rebound.
19:16 of 3rd period - Wrist shot by Mitch Callahan.
19:16 of 3rd period - Shot Blocked by Jason Jaffray.
19:18 of 3rd period - Wrist shot by Viktor Arvidsson.
19:18 of 3rd period - Shot Blocked by Taylor Doherty.
19:20 of 3rd period - Snap shot by Brandon Montour.
19:20 of 3rd period - Shot Misses the Net.
19:22 of 3rd period - Slapshot by Jordan Weal.
19:22 of 3rd period - Shot Blocked by Jason Jaffray.
19:24 of 3rd period - Slapshot by Charles Hudon.
19:24 of 3rd period - Deflect By Viktor Arvidsson.
19:24 of 3rd period - Shot Misses the Net.
19:24 of 3rd period - Puck is out of play.
19:25 of 3rd period - Taylor Peters wins face-off versus Brandon Montour in Reign zone.
Goals for this period are 1 for Reign vs 0 for Monsters.
Shots for this period are 5 for Reign vs 7 for Monsters.